General information
- name: BNet
- type: Ladder team game (AT/RT)
- host: Battle.net
- saver: Kull
map: Deadlock
- players: 8
- length: 80:26
- speed: Fast
- version: 1.26 W3XP
- replay type: Public
» download(399 KB)
Players
team 1 (loser)
Cossack_Man (
purple | 25 APM | 2047 actions | 80:26)
7 Crypt Lord
3 Impale
3 Spiked Carapace
1 Locust Swarm
6 Death Knight
3 Unholy Aura
2 Death Coil
1 Animate Dead
1 Keeper of the Grove
1 Thorns Aura
» actions
| Assign group hotkey | 114 | |
| Basic commands | 12 | |
| Build / train | 130 | |
| Enter build submenu | 48 | |
| Enter hero's abilities submenu | 14 | |
| Give item / drop item | 1 | |
| Remove unit from queue | 4 | |
| Right click | 1003 | |
| Select / deselect | 531 | |
| Select group hotkey | 81 | |
| Use ability | 109 | |
2047 total
» units
| Acolyte | 39 | |
| Ghoul | 5 | |
| Crypt Fiend | 10 | |
| Frost Wyrm | 5 | |
| Gargoyle | 21 | |
80 total
» upgrades
| Creature Attack | 3 | |
| Web | 1 | |
| Ghoul Frenzy | 1 | |
| Freezing Breath | 1 | |
| Creature Carapace | 2 | |
| Stone Form | 1 | |
9 total
» buildings
| Ziggurat | 18 | |
| Graveyard | 2 | |
| Crypt | 6 | |
| Altar of Darkness | 2 | |
| Tomb of Relics | 2 | |
| Spirit Tower | 4 | |
| Nerubian Tower | 3 | |
| Halls of the Dead | 2 | |
| Black Citadel | 2 | |
| Sacrificial Pit | 3 | |
| Boneyard | 3 | |
| Necropolis | 2 | |
49 total
» build order
00:52 Ziggurat
01:00 Graveyard
01:08 Crypt
01:11 Altar of Darkness
01:15 Tomb of Relics
01:31 Ziggurat
02:25 Crypt
03:01 Spirit Tower
03:09 Nerubian Tower
04:43 Halls of the Dead
05:04 Ziggurat
05:33 Ziggurat
07:13 Black Citadel
08:07 Sacrificial Pit
10:19 Boneyard
10:22 Boneyard
10:27 Boneyard
10:37 Ziggurat
10:58 Ziggurat
16:00 Ziggurat
21:25 Necropolis
23:36 Altar of Darkness
23:39 Ziggurat
23:42 Ziggurat
24:47 Crypt
27:59 Necropolis
29:29 Ziggurat
29:34 Ziggurat
31:36 Ziggurat
31:40 Ziggurat
31:46 Graveyard
31:58 Ziggurat
32:03 Crypt
32:22 Ziggurat
32:33 Crypt
32:34 Halls of the Dead
32:39 Ziggurat
33:23 Ziggurat
33:30 Spirit Tower
33:33 Spirit Tower
33:36 Spirit Tower
33:47 Nerubian Tower
34:26 Tomb of Relics
34:30 Nerubian Tower
35:09 Black Citadel
35:12 Crypt
36:30 Ziggurat
61:33 Sacrificial Pit
68:08 Sacrificial Pit
» items
| Rod of Necromancy | 1 | |
| Scroll of Town Portal | 2 | |
| Orb of Corruption | 2 | |
| Potion of Healing | 6 | |
| Healing Salve | 1 | |
12 total
BallsOfFury (
green | 86 APM | 2298 actions | 26:44)
4 Mountain King
1 Thunder Clap
2 Storm Bolt
1 Bash
3 Paladin
1 Holy Light
2 Divine Shield
» actions
| Assign group hotkey | 25 | |
| Basic commands | 35 | |
| Build / train | 125 | |
| Enter build submenu | 54 | |
| Enter hero's abilities submenu | 7 | |
| Give item / drop item | 4 | |
| Right click | 951 | |
| Select / deselect | 395 | |
| Select group hotkey | 569 | |
| Use ability | 133 | |
2298 total
» units
| Peasant | 27 | |
| Sorceress | 4 | |
| Mortar Team | 6 | |
| Flying Machine | 15 | |
52 total
» upgrades
| Gunpowder | 2 | |
| Sorceress Training | 1 | |
| Masonry | 2 | |
| Fragmentation Shards | 1 | |
| Magic Sentry | 1 | |
| Flak Cannons | 1 | |
8 total
» buildings
| Farm | 10 | |
| Altar of Kings | 1 | |
| Town Hall | 2 | |
| Keep | 1 | |
| Scout Tower | 34 | |
| Lumber Mill | 2 | |
| Blacksmith | 1 | |
| Arcane Vault | 1 | |
| Arcane Tower | 1 | |
| Guard Tower | 36 | |
| Arcane Sanctum | 1 | |
| Workshop | 2 | |
| Cannon Tower | 1 | |
| Castle | 2 | |
95 total
» build order
00:20 Farm
00:36 Altar of Kings
01:01 Farm
01:41 Farm
02:20 Farm
03:30 Town Hall
04:38 Keep
04:42 Scout Tower
04:44 Scout Tower
04:54 Lumber Mill
05:00 Blacksmith
05:09 Arcane Vault
05:11 Arcane Tower
05:15 Scout Tower
05:26 Guard Tower
05:43 Farm
05:44 Guard Tower
05:46 Scout Tower
06:17 Scout Tower
06:20 Scout Tower
06:41 Guard Tower
06:54 Guard Tower
06:55 Scout Tower
06:57 Scout Tower
07:00 Arcane Sanctum
07:07 Workshop
07:14 Scout Tower
07:24 Guard Tower
07:28 Lumber Mill
07:43 Workshop
07:51 Guard Tower
08:08 Guard Tower
08:11 Guard Tower
08:12 Guard Tower
08:26 Farm
08:29 Farm
10:07 Castle
10:07 Castle
10:43 Scout Tower
11:47 Farm
11:51 Scout Tower
12:01 Guard Tower
12:02 Scout Tower
12:09 Scout Tower
12:50 Guard Tower
12:50 Guard Tower
12:51 Scout Tower
12:56 Scout Tower
12:57 Farm
13:29 Scout Tower
13:30 Guard Tower
13:40 Guard Tower
13:50 Scout Tower
13:56 Scout Tower
13:59 Guard Tower
13:59 Scout Tower
14:15 Scout Tower
14:17 Scout Tower
14:18 Guard Tower
14:18 Guard Tower
14:37 Guard Tower
14:39 Scout Tower
15:27 Guard Tower
15:29 Scout Tower
15:31 Guard Tower
16:11 Guard Tower
16:12 Guard Tower
16:14 Scout Tower
16:37 Scout Tower
16:51 Scout Tower
16:53 Scout Tower
17:08 Scout Tower
17:10 Guard Tower
17:10 Guard Tower
17:21 Scout Tower
17:29 Guard Tower
17:30 Scout Tower
17:40 Guard Tower
17:40 Guard Tower
17:45 Scout Tower
17:47 Scout Tower
18:02 Guard Tower
18:06 Farm
18:13 Guard Tower
18:15 Scout Tower
18:17 Scout Tower
18:18 Guard Tower
18:57 Guard Tower
20:39 Town Hall
» items
| Staff of Teleportation | 1 | |
| Boots of Speed | 1 | |
| Scroll of Town Portal | 6 | |
| Scroll of Regeneration | 4 | |
| Orb of Fire | 1 | |
| Staff of Sanctuary | 1 | |
14 total

»
stonered (
red | 50 APM | 828 actions | 16:43)
3 Priestess of the Moon
1 Searing Arrows
2 Trueshot Aura
1 Keeper of the Grove
1 Entangling Roots
» actions
| Assign group hotkey | 2 | |
| Build / train | 44 | |
| Enter build submenu | 22 | |
| Enter hero's abilities submenu | 4 | |
| Remove unit from queue | 5 | |
| Right click | 475 | |
| Select / deselect | 218 | |
| Use ability | 58 | |
828 total
» units
| Wisp | 22 | |
| Huntress | 3 | |
| Hippogryph | 2 | |
27 total
» upgrades
| Strength of the Wild | 2 | |
| Sentinel | 1 | |
3 total
» buildings
| Altar of Elders | 1 | |
| Moon Well | 5 | |
| Ancient of War | 1 | |
| Hunter's Hall | 1 | |
| Tree of Ages | 1 | |
| Ancient Protector | 4 | |
| Tree of Eternity | 1 | |
| Tree of Life | 5 | |
| Ancient of Wind | 1 | |
| Ancient of Wonders | 1 | |
| Chimaera Roost | 1 | |
22 total
» build order
00:16 Altar of Elders
00:21 Moon Well
01:35 Ancient of War
01:41 Moon Well
02:08 Hunter's Hall
02:41 Moon Well
03:46 Tree of Ages
04:04 Ancient Protector
04:30 Ancient Protector
05:33 Moon Well
06:14 Tree of Eternity
06:42 Tree of Life
08:19 Ancient of Wind
10:06 Tree of Life
10:17 Ancient of Wonders
11:01 Moon Well
11:09 Chimaera Roost
12:11 Ancient Protector
12:28 Ancient Protector
13:13 Tree of Life
15:07 Tree of Life
16:37 Tree of Life
» items
Kull (
teal | 55 APM | 4387 actions | 80:26)
10 Blademaster
3 Wind Walk
3 Critical Strike
1 Bladestorm
3 Mirror Image
» actions
| Assign group hotkey | 370 | |
| Basic commands | 181 | |
| Build / train | 102 | |
| Enter build submenu | 74 | |
| Enter hero's abilities submenu | 10 | |
| Give item / drop item | 14 | |
| Remove unit from queue | 1 | |
| Right click | 2475 | |
| Select / deselect | 539 | |
| Select group hotkey | 335 | |
| Use ability | 286 | |
4387 total
» units
| Peon | 27 | |
| Grunt | 5 | |
| Wind Rider | 12 | |
| Troll Batrider | 6 | |
50 total
» upgrades
| Ranged Weapons | 3 | |
| Armor | 3 | |
| Reinforced Defenses | 1 | |
| Spiked Barricades | 3 | |
| Ensnare | 1 | |
| Envenomed Spears | 1 | |
| Liquid Fire | 1 | |
| Pillage | 1 | |
| Melee Weapons | 1 | |
15 total
» buildings
| Altar of Storms | 1 | |
| Orc Burrow | 6 | |
| Barracks | 1 | |
| Voodoo Lounge | 2 | |
| Stronghold | 1 | |
| War Mill | 6 | |
| Great Hall | 3 | |
| Beastiary | 6 | |
| Watch Tower | 96 | |
| Fortress | 1 | |
| Moon Well | 3 | |
126 total
» build order
00:31 Altar of Storms
00:34 Orc Burrow
00:51 Barracks
01:20 Orc Burrow
02:27 Voodoo Lounge
03:42 Stronghold
05:06 War Mill
05:22 Great Hall
05:59 Orc Burrow
06:02 Orc Burrow
06:06 Beastiary
06:11 Beastiary
07:14 Watch Tower
07:15 Watch Tower
10:43 Fortress
10:49 War Mill
13:34 Watch Tower
13:34 Watch Tower
13:35 Watch Tower
13:35 Watch Tower
13:41 Watch Tower
13:42 Watch Tower
15:43 Great Hall
15:45 Great Hall
16:08 Watch Tower
16:09 Watch Tower
16:10 Watch Tower
16:12 Watch Tower
16:14 Watch Tower
16:15 Watch Tower
16:16 Watch Tower
16:17 Watch Tower
16:18 Watch Tower
16:19 Watch Tower
16:20 Watch Tower
21:29 Beastiary
21:29 Beastiary
21:30 Beastiary
21:30 Beastiary
25:20 Watch Tower
25:20 Watch Tower
25:21 Watch Tower
25:21 Watch Tower
31:06 Watch Tower
31:07 Watch Tower
31:07 Watch Tower
31:07 Watch Tower
31:08 Watch Tower
31:09 Watch Tower
31:10 Watch Tower
31:10 Watch Tower
31:10 Watch Tower
31:11 Watch Tower
31:11 Watch Tower
31:11 Watch Tower
31:12 Watch Tower
31:12 Watch Tower
31:13 Watch Tower
31:14 Watch Tower
31:14 Watch Tower
31:14 Watch Tower
31:15 Watch Tower
31:15 Watch Tower
31:22 Watch Tower
31:22 Watch Tower
31:22 Watch Tower
31:23 Watch Tower
31:23 Watch Tower
31:24 Watch Tower
31:24 Watch Tower
31:24 Watch Tower
31:24 Watch Tower
31:29 War Mill
31:35 Watch Tower
31:36 Watch Tower
45:02 Moon Well
45:08 Moon Well
48:27 War Mill
49:51 War Mill
49:58 War Mill
52:16 Moon Well
53:32 Watch Tower
53:33 Watch Tower
53:34 Watch Tower
53:35 Watch Tower
53:36 Watch Tower
53:37 Watch Tower
53:38 Watch Tower
53:40 Watch Tower
53:42 Watch Tower
53:42 Watch Tower
53:44 Watch Tower
53:46 Watch Tower
53:47 Watch Tower
53:48 Watch Tower
53:49 Watch Tower
53:50 Watch Tower
53:51 Watch Tower
53:52 Watch Tower
53:53 Watch Tower
53:54 Watch Tower
53:55 Watch Tower
53:56 Watch Tower
53:57 Watch Tower
53:58 Watch Tower
53:59 Watch Tower
54:00 Watch Tower
54:00 Watch Tower
54:01 Watch Tower
54:02 Watch Tower
54:03 Watch Tower
54:03 Watch Tower
54:04 Watch Tower
54:05 Watch Tower
54:06 Watch Tower
54:06 Watch Tower
54:07 Watch Tower
54:07 Watch Tower
54:08 Watch Tower
54:09 Watch Tower
54:10 Watch Tower
54:34 Voodoo Lounge
58:17 Orc Burrow
58:18 Orc Burrow
» items
| Healing Salve | 6 | |
| Lesser Clarity Potion | 6 | |
| Scroll of Town Portal | 2 | |
| Orb of Lightning | 1 | |
| Boots of Speed | 1 | |
| Potion of Mana | 3 | |
| Potion of Healing | 1 | |
| Tiny Great Hall | 1 | |
| Periapt of Vitality | 1 | |
| Staff of Teleportation | 1 | |
23 total
team 2 (winner)
xXxPLoSiVe (
orange | 67 APM | 4263 actions | 63:13)
5 Priestess of the Moon
3 Trueshot Aura
2 Searing Arrows
5 Pit Lord
3 Howl of Terror
1 Rain of Fire
1 Cleaving Attack
» actions
| Assign group hotkey | 119 | |
| Build / train | 59 | |
| Enter build submenu | 19 | |
| Enter hero's abilities submenu | 10 | |
| Remove unit from queue | 5 | |
| Right click | 895 | |
| Select / deselect | 1799 | |
| Select group hotkey | 1205 | |
| Use ability | 152 | |
4263 total
» units
| Wisp | 10 | |
| Huntress | 3 | |
| Druid of the Claw | 8 | |
| Dryad | 10 | |
31 total
» upgrades
| Ultravision | 1 | |
| Strength of the Wild | 2 | |
| Druid of the Claw Training | 2 | |
| Mark of the Claw | 1 | |
| Abolish Magic | 1 | |
7 total
» buildings
| Altar of Elders | 1 | |
| Moon Well | 8 | |
| Hunter's Hall | 1 | |
| Ancient of War | 1 | |
| Tree of Ages | 1 | |
| Tree of Eternity | 1 | |
| Ancient of Lore | 2 | |
| Ancient Protector | 4 | |
19 total
» build order
00:11 Altar of Elders
00:12 Moon Well
01:25 Hunter's Hall
01:39 Ancient of War
02:07 Moon Well
03:01 Tree of Ages
04:46 Moon Well
05:25 Tree of Eternity
05:28 Ancient of Lore
05:31 Ancient of Lore
05:37 Moon Well
06:44 Moon Well
08:00 Moon Well
13:02 Moon Well
16:49 Moon Well
17:09 Ancient Protector
17:13 Ancient Protector
18:49 Ancient Protector
18:55 Ancient Protector
» items
| Dust of Appearance | 2 | |
| Scroll of Protection | 1 | |
| Scroll of Town Portal | 1 | |
4 total

»
StinkyCat (
pink | 12 APM | 934 actions | 80:26)
2 Tauren Chieftain
1 Shockwave
1 Endurance Aura
» actions
| Basic commands | 50 | |
| Build / train | 59 | |
| Enter build submenu | 27 | |
| Enter hero's abilities submenu | 2 | |
| Give item / drop item | 2 | |
| Remove unit from queue | 2 | |
| Right click | 365 | |
| Select / deselect | 368 | |
| Use ability | 59 | |
934 total
» units
» upgrades
| Berserker Strength | 1 | |
| Spirit Walker Training | 1 | |
| Witch Doctor Training | 1 | |
3 total
» buildings
| Altar of Storms | 2 | |
| Orc Burrow | 8 | |
| Barracks | 1 | |
| Voodoo Lounge | 1 | |
| Stronghold | 1 | |
| War Mill | 2 | |
| Great Hall | 2 | |
| Fortress | 3 | |
| Spirit Lodge | 2 | |
| Watch Tower | 4 | |
26 total
» build order
00:10 Altar of Storms
00:14 Orc Burrow
00:51 Barracks
01:38 Orc Burrow
01:56 Voodoo Lounge
03:42 Stronghold
03:54 War Mill
04:07 Orc Burrow
05:56 Great Hall
06:27 Fortress
06:27 Fortress
07:06 Spirit Lodge
07:23 Orc Burrow
07:27 Spirit Lodge
09:40 Watch Tower
10:02 Orc Burrow
10:33 Watch Tower
10:50 Watch Tower
11:21 Watch Tower
12:01 Orc Burrow
13:38 Orc Burrow
16:08 Great Hall
30:53 Altar of Storms
31:28 Orc Burrow
34:16 War Mill
» items
| Healing Salve | 2 | |
| Scroll of Speed | 1 | |
| Lesser Clarity Potion | 1 | |
| Orb of Lightning | 1 | |
| Tiny Great Hall | 1 | |
6 total
HurricaneIsIe (
yellow | 69 APM | 4249 actions | 61:45)
9 Death Knight
3 Death Coil
3 Unholy Aura
1 Animate Dead
2 Death Pact
» actions
| Assign group hotkey | 38 | |
| Basic commands | 221 | |
| Build / train | 131 | |
| ESC pressed | 1 | |
| Enter build submenu | 33 | |
| Enter hero's abilities submenu | 9 | |
| Give item / drop item | 2 | |
| Remove unit from queue | 10 | |
| Right click | 1544 | |
| Select / deselect | 786 | |
| Select group hotkey | 1247 | |
| Use ability | 227 | |
4249 total
» units
| Acolyte | 12 | |
| Ghoul | 3 | |
| Crypt Fiend | 6 | |
| Gargoyle | 23 | |
| Obsidian Statue | 11 | |
| Meatwagon | 1 | |
56 total
» upgrades
| Creature Attack | 3 | |
| Creature Carapace | 3 | |
| Web | 1 | |
| Burrow | 1 | |
| Destroyer Form | 1 | |
| Ghoul Frenzy | 1 | |
| Stone Form | 1 | |
| Cannibalize | 1 | |
| Backpack | 1 | |
| Disease Cloud | 1 | |
| Unholy Strength | 3 | |
| Unholy Armor | 3 | |
| Exhume Corpses | 1 | |
| Banshee Training | 2 | |
| Necromancer Training | 2 | |
| Skeletal Mastery | 1 | |
| Skeletal Longevity | 1 | |
27 total
» buildings
| Altar of Darkness | 1 | |
| Ziggurat | 13 | |
| Crypt | 2 | |
| Graveyard | 1 | |
| Tomb of Relics | 1 | |
| Nerubian Tower | 3 | |
| Halls of the Dead | 2 | |
| Slaughterhouse | 2 | |
| Necropolis | 2 | |
| Black Citadel | 1 | |
| Spirit Tower | 6 | |
| Temple of the Damned | 2 | |
36 total
» build order
00:05 Altar of Darkness
00:07 Ziggurat
00:34 Crypt
01:03 Graveyard
01:14 Tomb of Relics
01:42 Ziggurat
02:01 Nerubian Tower
02:02 Nerubian Tower
02:02 Nerubian Tower
03:39 Halls of the Dead
03:39 Halls of the Dead
04:49 Ziggurat
06:21 Crypt
06:25 Slaughterhouse
06:34 Necropolis
08:40 Black Citadel
09:10 Ziggurat
09:11 Ziggurat
10:03 Spirit Tower
10:04 Spirit Tower
13:19 Spirit Tower
14:27 Necropolis
18:17 Spirit Tower
19:02 Ziggurat
19:03 Ziggurat
20:23 Spirit Tower
20:24 Spirit Tower
40:24 Ziggurat
40:26 Ziggurat
40:28 Ziggurat
40:29 Ziggurat
40:30 Ziggurat
40:31 Ziggurat
47:05 Temple of the Damned
47:09 Temple of the Damned
47:47 Slaughterhouse
» items
| Rod of Necromancy | 2 | |
| Scroll of Town Portal | 4 | |
| Orb of Corruption | 2 | |
| Dust of Appearance | 1 | |
| Scroll of Healing | 1 | |
| Potion of Healing | 1 | |
| Potion of Mana | 1 | |
| Periapt of Vitality | 1 | |
| Staff of Teleportation | 1 | |
14 total
COMPUTER.KID (
blue | 44 APM | 3324 actions | 75:35)
7 Firelord
3 Summon Lava Spawn
3 Soul Burn
1 Volcano
2 Shadow Hunter
1 Hex
1 Healing Wave
» actions
| Assign group hotkey | 61 | |
| Basic commands | 57 | |
| Build / train | 110 | |
| Enter build submenu | 26 | |
| Enter hero's abilities submenu | 9 | |
| Give item / drop item | 2 | |
| Remove unit from queue | 4 | |
| Right click | 1371 | |
| Select / deselect | 456 | |
| Select group hotkey | 1083 | |
| Use ability | 145 | |
3324 total
» units
| Peon | 20 | |
| Grunt | 3 | |
| Wind Rider | 25 | |
| Kodo Beast | 9 | |
| Troll Witch Doctor | 2 | |
59 total
» upgrades
| Ranged Weapons | 3 | |
| Armor | 2 | |
| Envenomed Spears | 1 | |
| Reinforced Defenses | 1 | |
| War Drums Damage Increase | 1 | |
| Witch Doctor Training | 2 | |
10 total
» buildings
| Altar of Storms | 1 | |
| Orc Burrow | 7 | |
| Barracks | 1 | |
| Voodoo Lounge | 1 | |
| Stronghold | 2 | |
| War Mill | 1 | |
| Great Hall | 3 | |
| Beastiary | 3 | |
| Fortress | 2 | |
| Watch Tower | 20 | |
| Spirit Lodge | 1 | |
42 total
» build order
00:10 Altar of Storms
00:17 Orc Burrow
00:29 Barracks
01:32 Orc Burrow
02:15 Voodoo Lounge
03:15 Stronghold
03:16 Stronghold
04:12 Orc Burrow
04:14 War Mill
05:25 Great Hall
05:40 Beastiary
05:47 Beastiary
06:34 Orc Burrow
06:42 Fortress
06:42 Fortress
10:14 Watch Tower
10:15 Watch Tower
10:15 Watch Tower
10:17 Watch Tower
10:51 Orc Burrow
11:37 Watch Tower
11:38 Watch Tower
13:31 Beastiary
13:48 Watch Tower
13:48 Watch Tower
15:09 Watch Tower
15:09 Watch Tower
15:09 Watch Tower
15:10 Watch Tower
16:33 Orc Burrow
19:04 Great Hall
19:41 Watch Tower
19:41 Watch Tower
19:42 Watch Tower
20:02 Watch Tower
20:02 Watch Tower
23:37 Spirit Lodge
30:33 Orc Burrow
36:14 Great Hall
37:47 Watch Tower
37:47 Watch Tower
» items
| Staff of Teleportation | 1 | |
| Healing Salve | 3 | |
| Lesser Clarity Potion | 2 | |
| Orb of Lightning | 1 | |
| Potion of Healing | 3 | |
| Potion of Mana | 1 | |
| Scroll of Town Portal | 2 | |
| Scroll of Healing | 2 | |
| Potion of Lesser Invulnerability | 2 | |
17 total
Chat log
(00:10 / All) Kull: Hey guys
(00:12 / Allies) BallsOfFury: when he doesn't get his map
(00:19 / All) StinkyCat: yo
(00:23 / All) StinkyCat: u naked?
(00:41 / Allies) Cossack_Man: k
(01:39 / Allies) Kull: that's mine, I have a theory about that
(01:40 / Allies) Cossack_Man: that's fine
(01:49 / Allies) Cossack_Man: i like the outside ppl to get the mine
(01:54 / Allies) Cossack_Man: since they get hit the hardest
(01:58 / Allies) Cossack_Man: so no problems here
(01:59 / Allies) Kull: I like you
(02:10 / Allies) BallsOfFury: as long as i have one close enough to militia expand
(02:11 / Allies) Kull: I had an inside person that whiend
(02:12 / Allies) BallsOfFury: i don't care
(02:13 / Allies) Kull: that I took their mine
(02:17 / Allies) Kull: when I fast expanded
(02:20 / Allies) Kull: according to "game theory"
(02:28 / Allies) Cossack_Man: lol
(04:06 / Allies) Cossack_Man: i got
(04:08 / Allies) Cossack_Man: with stun
(04:10 / Allies) Cossack_Man: stay on him
(04:24 / All) BallsOfFury: just spent 350 gold
(04:25 / All) BallsOfFury: gj
(04:30 / Allies) BallsOfFury: wood plz
(04:50 / Allies) BallsOfFury: thanks
(05:03 / Allies) BallsOfFury: i'm invisi mortar
(05:04 / Allies) BallsOfFury: by the way
(06:32 / Allies) BallsOfFury: fight
(06:46 / Allies) Cossack_Man: b
(06:47 / Allies) BallsOfFury: run heh
(06:57 / Allies) Kull: nvm
(07:04 / Allies) Kull: thought it was just pink
(07:08 / Allies) BallsOfFury: wood
(07:30 / Allies) BallsOfFury: plz wood
(08:11 / Allies) stonered: noo
(08:50 / Allies) BallsOfFury: tp
(09:03 / Allies) BallsOfFury: TELEPORT NOW
(09:05 / Allies) BallsOfFury: OR WE LOSE THIS GAME
(10:08 / Allies) BallsOfFury: K
(10:11 / Allies) BallsOfFury: i invisible mortar pink now
(10:30 / Allies) BallsOfFury: gold for tp plz
(11:11 / Allies) Cossack_Man: gj teal
(11:24 / Allies) Cossack_Man: can i get this mine green?
(11:28 / Allies) BallsOfFury: sure
(11:38 / Allies) BallsOfFury: gipg mortar
(12:18 / Allies) BallsOfFury: protectos
(12:19 / Allies) stonered: TY
(12:36 / Allies) Cossack_Man: alter
(12:48 / All) BallsOfFury: how the fuck did you see me
(14:39 / Allies) Cossack_Man: tanks now please green
(14:41 / Allies) Cossack_Man: or gyors
(15:00 / Allies) BallsOfFury: the y fucking hack
(15:06 / All) BallsOfFury: which of you fags has mh
(15:06 / All) HurricaneIsIe: nice invisimortar
(15:07 / Allies) Cossack_Man: they could have a shade
(15:13 / All) HurricaneIsIe: oj told me to dust
(15:15 / Allies) BallsOfFury: no they would have attacked sooner
(15:19 / All) COMPUTER.KID: orange
(15:31 / All) xXxPLoSiVe: ?
(15:35 / All) xXxPLoSiVe: u suck green
(15:36 / Allies) BallsOfFury: kill main
(15:38 / All) xXxPLoSiVe: U always do that noob
(15:46 / Allies) Kull: wood
(16:20 / Allies) BallsOfFury: BACK
(16:21 / Allies) BallsOfFury: RUN AWAY
(16:22 / Allies) BallsOfFury: YOU HAVE NO TOWERS
(16:24 / Allies) BallsOfFury: WE CAN'T WIN THAT FIGHT
(16:34 / Allies) BallsOfFury: NEED BATS TEAL
(16:43 / Allies) Cossack_Man: kk
(17:08 / All) HurricaneIsIe: sick tree red
(18:26 / All) Kull: sup
(18:49 / Allies) Cossack_Man: teal, wanna hit orange together?
(18:51 / Allies) BallsOfFury: bats
(18:52 / Allies) Kull: yeh
(18:58 / Allies) Cossack_Man: u go for dryads please
(19:12 / Allies) BallsOfFury: they are massing expos
(19:35 / Allies) BallsOfFury: t p
(19:44 / Allies) BallsOfFury: TP MY MORTAR RAPES DRYADS
(19:46 / Allies) BallsOfFury: OMG
(19:47 / Allies) BallsOfFury: FUCK YOU GUYS
(20:00 / Allies) Kull: get ready to tp purp
(20:04 / Allies) Cossack_Man: k
(20:20 / Allies) Cossack_Man: go now
(20:21 / Allies) BallsOfFury: spend your gold
(20:22 / Allies) BallsOfFury: 86
(20:29 / Allies) BallsOfFury: GIVE ME GOLD TEAL
(20:30 / Allies) BallsOfFury: HOLY SHIT
(20:42 / Allies) BallsOfFury: TEAL
(20:43 / Allies) Cossack_Man: counter
(20:43 / Allies) BallsOfFury: SHARE THAT GOLD
(21:02 / Allies) BallsOfFury: GIVE ME GOLD TEAL
(21:28 / Allies) BallsOfFury: TEAL YOU HAVE
(21:30 / Allies) BallsOfFury: 100000 GOLD
(21:32 / Allies) BallsOfFury: OVER 10000
(21:36 / Allies) BallsOfFury: FUCKING SHARE
(21:38 / Allies) Cossack_Man: omg wow
(21:40 / Allies) Kull: It'll come in handy
(21:43 / Allies) BallsOfFury: NOW
(21:44 / Allies) BallsOfFury: FUCKING SHARE NOW
(21:46 / Allies) BallsOfFury: OR WE LOSE THIS GAME
(21:47 / All) COMPUTER.KID: |U GUYS SUCK DONKEY BALLS WOW
(21:47 / Allies) BallsOfFury: YOU NOOBSHIT
(21:48 / All) xXxPLoSiVe: gg noobs
(21:53 / All) COMPUTER.KID: fuckign raped
(21:55 / All) HurricaneIsIe: sick mass air against aa
(22:00 / Allies) Kull: Wood
(22:01 / All) HurricaneIsIe: wyrms against destro/garg lol
(22:03 / Allies) BallsOfFury: share YOUR GODDAMN GOLD
(22:23 / Allies) BallsOfFury: SHARE YOUR FUCKING GOLD
(22:33 / Allies) BallsOfFury: YOU WILL NOWT WIN 4 ON 1
(22:48 / Allies) BallsOfFury: GOLD
(22:49 / Allies) BallsOfFury: SHARE IT
(22:53 / All) HurricaneIsIe: cossack man, your username is unworthy of the cossack hetmanate
(23:06 / All) Cossack_Man: that's cause i'm not human
(23:10 / Allies) BallsOfFury: give mE GOLD
(23:11 / All) Cossack_Man: then i'd get a buncha knights and own lol
(23:13 / Allies) BallsOfFury: YOU ARE A HORRIBLE TEAMMATE
(23:13 / All) xXxPLoSiVe: how money teal have
(23:22 / All) Cossack_Man: but nice to know other ppl know what i'm talking about
(23:24 / All) BallsOfFury: 10000
(23:28 / All) BallsOfFury: he won't share it
(23:36 / All) HurricaneIsIe: I have 9k gold
(24:01 / All) COMPUTER.KID: i cna rape teal
(24:02 / All) COMPUTER.KID: guarantee
(24:04 / Allies) BallsOfFury: TEAL HOW DO YOU THINK YOU CAN WIN
(24:09 / Allies) BallsOfFury: WHEN THEY HAVE ALL THE MINES
(24:11 / Allies) BallsOfFury: AND YOU DON'T SHARE SHIT
(24:30 / Allies) Kull: By virtue of being must more handsome than they are
(24:34 / Allies) BallsOfFury: what a garbage person you are
(24:36 / All) COMPUTER.KID: IM GONNA VOLCANOE GREENS BASE EVERYBODY WATCH PLZ
(25:01 / Allies) BallsOfFury: teal why won't you share gold
(25:06 / All) Kull: I need it
(25:09 / Allies) BallsOfFury: i don't understand
(25:14 / Allies) BallsOfFury: you will not win this game alone
(25:28 / Allies) Cossack_Man: at least make units with it?
(25:29 / All) COMPUTER.KID: god dammit
(25:33 / All) HurricaneIsIe: ?
(25:39 / All) COMPUTER.KID: i canceled it
(26:40 / All) BallsOfFury: oj fyi you're getting banned for mh
(26:45 / All) HurricaneIsIe: LOL
(26:47 / All) xXxPLoSiVe: lol
(26:48 / All) COMPUTER.KID: lawl fuckign orange
(26:49 / All) HurricaneIsIe: blizzard hasn't banned in years retard
(26:50 / All) xXxPLoSiVe: u suck
(27:05 / All) xXxPLoSiVe: im not mh
(27:06 / All) xXxPLoSiVe: u suck
(27:11 / All) Cossack_Man: was it a shade?
(27:16 / Allies) Cossack_Man: or ward?
(27:17 / All) HurricaneIsIe: I've had no shades
(27:18 / All) Kull: Stand off?
(27:20 / All) Cossack_Man: or ward?
(27:20 / All) COMPUTER.KID: close
(27:25 / All) xXxPLoSiVe: green always do that
(27:25 / All) HurricaneIsIe: Standoff? good idea
(27:29 / All) xXxPLoSiVe: invis morts
(27:32 / All) COMPUTER.KID: will u guys be wiling to leave ur internet on all day for a win?
(27:44 / All) Cossack_Man: sometimes 2 days!
(27:57 / All) COMPUTER.KID: orange
(28:04 / All) COMPUTER.KID: will u leave ur compter on all day for a win?
(28:18 / All) COMPUTER.KID: teal, yellow, and I, wil give you all equal chance to win
(28:28 / All) Cossack_Man: k
(28:31 / All) HurricaneIsIe: We were in this from the start
(28:34 / All) HurricaneIsIe: Together as AT
(28:42 / All) Cossack_Man: so we get to rebuild and remass, sounds fair lol
(28:50 / All) HurricaneIsIe: No, there will be no units left
(28:57 / All) HurricaneIsIe: Best internet wins
(29:01 / All) Kull: I would follow up thsoe two kils at your bases
(29:02 / All) HurricaneIsIe: We will kill everything, including our own stuff
(29:08 / All) Cossack_Man: kk
(29:20 / All) Kull: And that is how a master rhonin operates
(29:34 / All) COMPUTER.KID: volcanoe!
(29:39 / All) xXxPLoSiVe: lol
(31:00 / All) COMPUTER.KID: we arent doing it if pink and oj dont say they still stay
(31:03 / All) COMPUTER.KID: i know faggot ass purple wil
(31:17 / All) Cossack_Man: oh who me?
(33:03 / Allies) Cossack_Man: we have so much gold lol
(34:58 / Allies) Cossack_Man: lol
(37:35 / All) Kull: Epic last stand man
(37:42 / All) StinkyCat: a true jackass
(37:43 / All) StinkyCat: u r
(37:45 / All) Kull: lozl
(40:15 / Allies) Cossack_Man: gj
(42:04 / Allies) Kull: They want to kill you and for me to stay out of it lol
(42:10 / Allies) Cossack_Man: lol
(42:18 / Allies) Cossack_Man: haters gonna hate lol
(42:25 / Allies) Kull: so it goes
(42:52 / Allies) Cossack_Man: r u gonna let them win in the end?
(43:00 / Allies) Kull: Haven't decided
(43:03 / Allies) Kull: They saucy
(43:05 / Allies) Cossack_Man: lol
(44:25 / All) Cossack_Man: awww
(44:28 / All) Cossack_Man: my gargs :(
(44:29 / All) StinkyCat: i still have a peon
(44:34 / All) Cossack_Man: lol
(44:39 / All) Cossack_Man: and a wood shop lol
(45:00 / Allies) Cossack_Man: what mine should i haunt?
(45:44 / Allies) Kull: better b to my towers
(45:57 / Allies) Cossack_Man: yeah lol
(46:22 / Allies) Cossack_Man: wanna just beat these fools?
(46:42 / Allies) Kull: lol
(46:47 / Allies) Cossack_Man: :D
(47:04 / All) Kull: Orange is level 27
(47:08 / All) Kull: 58-46 solo
(47:10 / All) xXxPLoSiVe: so ?
(47:12 / All) Kull: Why would you want him to win
(47:15 / All) COMPUTER.KID: ./f m shut up ROD U ARENT DOING ANYTHING go attack
(47:18 / All) Kull: I'm watching lozl
(47:20 / All) Cossack_Man: i'm level 30!
(47:26 / All) HurricaneIsIe: There's nothing to kill sir
(47:33 / All) Cossack_Man: kill my heros
(47:34 / All) Cossack_Man: go all out
(47:38 / All) Cossack_Man: ignore teal's towers
(49:12 / All) Cossack_Man: got 1
(49:14 / All) Cossack_Man: oh yea
(49:37 / Allies) Cossack_Man: i like the peon wood army lol
(49:43 / Allies) Kull: lulz
(50:05 / Allies) Cossack_Man: what clan u guys in, or just bros?
(50:23 / Allies) Kull: Well I think it used to be called "BSER"
(50:33 / Allies) Kull: But we just hang
(50:41 / Allies) Cossack_Man: lol, that's cool
(50:48 / Allies) Cossack_Man: i bs on occasion with my other account
(51:02 / Allies) Cossack_Man: i tower rush, and then mass gold and wood
(51:10 / Allies) Cossack_Man: kinda like u did
(51:19 / Allies) Kull: I usually stay under 50 food
(51:25 / Allies) Kull: and hoard gole
(51:27 / Allies) Kull: gold
(53:21 / Allies) Cossack_Man: more towers!
(53:38 / Allies) Cossack_Man: wanna give me gold for my other hero back?
(55:32 / All) HurricaneIsIe: My team gets loss
(56:03 / Allies) Cossack_Man: lol
(56:13 / All) Cossack_Man: that peon got spanked
(56:34 / All) StinkyCat: gay ass hacks who think they rock
(56:41 / All) StinkyCat: that would be yellow
(56:57 / All) StinkyCat: i think he gets ass pounded every night
(57:00 / All) StinkyCat: by his dad
(58:25 / All) xXxPLoSiVe: teal
(58:26 / All) xXxPLoSiVe: kill him
(58:27 / All) xXxPLoSiVe: Plz
(59:29 / All) StinkyCat: u suck your dads cock
(59:37 / All) StinkyCat: all night long last night
(60:12 / All) Kull: that fucker is fast
(61:28 / All) StinkyCat: so Hurrican
(61:33 / All) StinkyCat: is your ass still bleeding?
(61:44 / All) HurricaneIsIe: This game is in Turncoat's hands
(62:24 / All) xXxPLoSiVe: thats it
(62:26 / All) xXxPLoSiVe: thx for nothing
(62:30 / All) xXxPLoSiVe: gg noobs
(62:32 / All) xXxPLoSiVe: nerds
(62:49 / All) StinkyCat: more bsing?
(62:50 / All) Cossack_Man: oh no lol
(63:32 / All) StinkyCat: alrighty going to cook dinner 4 real this tiem
(63:36 / All) StinkyCat: time*
(63:37 / All) Kull: This was funny IMO
(63:38 / All) Kull: lozl
(63:46 / All) Kull: Rod's dramatic extrance
(63:55 / All) Kull: Orange whining, "thanks for nothing"
(63:57 / All) Kull: lolz
(64:15 / All) Cossack_Man: this has been a fun game lol
(64:55 / Allies) Kull: shit lozl
(66:01 / Allies) Cossack_Man: he's dead :(
(66:47 / All) Kull: You guys wear your hearts on your sleeve
(66:50 / All) Kull: I got to admire it
(66:54 / All) Cossack_Man: lol
(67:40 / All) COMPUTER.KID: talking to yellow on msn lawl
(67:41 / Allies) Cossack_Man: lol
(67:48 / Allies) Cossack_Man: hey
(67:52 / Allies) Cossack_Man: let me have 1 shade please?
(67:58 / Allies) Kull: Can't allow it
(68:01 / Allies) Kull: well actually es
(68:04 / Allies) Kull: go ahead
(68:08 / Allies) Kull: make another
(68:17 / All) Kull: I'm letting him have a shade
(68:31 / All) Cossack_Man: he's so nice :P
(69:07 / All) COMPUTER.KID: pink will u st ay?
(69:32 / Allies) Cossack_Man: you can kill my sac pit now
(69:42 / Allies) Kull: You can keep it
(69:46 / Allies) Cossack_Man: lol
(69:51 / Allies) Kull: It's a relict of your once mighty empire
(70:07 / Allies) Cossack_Man: i hope school groups come and tour it
(70:27 / Allies) Kull: For as long as this game lasts all shall marvl
(70:38 / All) Kull: Meet my wood gathering army
(71:09 / All) Kull: I had like 30 peons gathering wood
(71:14 / All) Kull: 12.5k wood now
(71:17 / All) Kull: after all my towers
(72:21 / All) Kull: Stinky you have opportunity to defeat a level 30
(73:25 / All) COMPUTER.KID: we done?
(73:33 / All) Kull: Except for my doodz
(73:34 / All) COMPUTER.KID: standoff complete my side
(73:43 / All) Cossack_Man: don't underestimate my shade
(73:50 / All) COMPUTER.KID: make sure to kill all moon wells and burrows, he can hire shit with a shade
(74:11 / All) Kull: Well
(74:20 / All) Kull: I think he needs one of their units in order to do that
(74:25 / All) Kull: But I'll kill them anyway
(74:36 / Allies) Cossack_Man: oh, so do we lose?
(74:39 / Allies) Kull: No
(74:44 / All) Kull: This is a Mexican Standoff
(74:51 / All) COMPUTER.KID: pink vs purple
(74:53 / All) Kull: The only way to win is if the other guy loses his grit
(74:56 / All) Kull: Decides he can't hack it
(74:57 / All) Kull: and leaves
(74:59 / All) COMPUTER.KID: lets see a 1000+ min game folks
(75:10 / All) COMPUTER.KID: best internet wins
(75:15 / All) Cossack_Man: is he even still here
(75:17 / All) Cossack_Man: or afk?
(75:21 / All) Kull: He's here
(75:22 / All) COMPUTER.KID: he was cooking dinner
(75:26 / All) COMPUTER.KID: can i leave i have to eat
(75:28 / All) COMPUTER.KID: apologize to rod
(75:30 / All) Kull: As you wish
(75:32 / All) Kull: Me?
(75:34 / All) Kull: lozl
(75:35 / All) Kull: What did I do
(79:59 / All) Kull: Alright, farewell gentlemen. I wish you luck. I have the utmost respect for both of you.
(80:10 / All) Cossack_Man: lol
(80:15 / All) Cossack_Man: i hate everything lolo
(80:19 / All) Kull: You are two outstanding, upstanding individuals, it was my pleasure spending these last 60ish odd minutes with you.